 Dungeon Crawl Stone Soup version 0.20.1-1-g8b1a95d (webtiles) character file.

125 pstr the Conjurer (level 5, 0/28 HPs)
             Began as a Kobold Conjurer on Nov 29, 2017.
             Slain by Sigmund
             ... wielding a +3 scythe of freezing
              (11 damage)
             ... on level 3 of the Dungeon.
             The game lasted 00:08:23 (4036 turns).

pstr the Conjurer (Kobold Conjurer)                 Turns: 4036, Time: 00:08:23

Health: 0/28       AC:  2    Str: 14    XL:     5   Next: 30%
Magic:  6/10       EV: 16    Int: 17    God:
Gold:   156        SH:  0    Dex: 16    Spells: 7/10 levels left

rFire    . . .     SeeInvis .   h - +0 club
rCold    . . .     Gourm    .   (shield restricted)
rNeg     . . .     Faith    .   a - +0 robe
rPois    .         Spirit   .   (no helmet)
rElec    .         Reflect  .   (no cloak)
rCorr    .         Harm     .   (no gloves)
MR       .....                  (no boots)
Stlth    +.........             i - amulet of inaccuracy
Regen    0.1/turn               o - +4 ring of strength
MPRegen  0.2/turn               (no ring)

@: confused, mighty, very slightly contaminated
A: carnivore 3
a: no special abilities


You were on level 3 of the Dungeon.
You were completely stuffed.

You visited 1 branch of the dungeon, and saw 3 of its levels.

You collected 156 gold pieces.

Inventory:

Hand Weapons
 h - a +0 club (weapon)
Missiles
 e - 130 stones (quivered)
 k - 98 arrows
Armour
 a - a +0 robe (worn)
 n - a +0 ring mail
Jewellery
 i - an amulet of inaccuracy (around neck)
 o - a +4 ring of strength (left hand)
Scrolls
 f - 4 scrolls of identify
 g - a scroll of random uselessness
 j - 2 scrolls of teleportation
 l - 2 scrolls of recharging {unknown}
 p - a scroll of remove curse
 q - a scroll of fog {unknown}
Books
 b - a book of Conjurations

   Spells                             Type                      Level
   a - Magic Dart                     Conjuration                  1
   b - Searing Ray                    Conjuration                  2
   c - Dazzling Spray                 Conjuration/Hexes            3
   d - Fulminant Prism                Conjuration/Hexes            4
   e - Force Lance                    Conjuration/Translocation    4
   f - Iskenderun's Mystic Blast      Conjuration                  4
 s - a book of Misfortune

   Spells                             Type                      Level
   a - Confusing Touch                Hexes                        1
   b - Confuse                        Hexes                        3
   c - Gell's Gravitas                Translocation                3
   d - Petrify                        Transmutation/Earth          4
   e - Metabolic Englaciation         Hexes/Ice                    5
   f - Yara's Violent Unravelling     Hexes/Transmutation          5
Comestibles
 c - 2 meat rations
 d - a royal jelly


   Skills:
 + Level 0.7 Fighting
 + Level 2.8 Dodging
 + Level 3.3 Stealth
 + Level 3.3 Spellcasting
 + Level 5.2 Conjurations


You had 7 spell levels left.
You knew the following spells:

 Your Spells              Type           Power        Failure   Level  Hunger
a - Magic Dart            Conj           ###.         1%          1    None
b - Searing Ray           Conj           ###...       3%          2    ##.....


Dungeon Overview and Level Annotations

Branches:
Dungeon (3/15)

Altars:
Zin

Annotations:
D:3 Sigmund


Innate Abilities, Weirdness & Mutations

You are small and have problems with some larger weapons.
You are carnivorous and can eat meat at any time.


Message History

The searing ray hits Sigmund.
Sigmund is moderately wounded. (Press . to maintain the ray.) Sigmund points at you and mumbles some strange words.
You are confused.
Sigmund casts a spell.
Sigmund flickers and vanishes!
Deactivating autopickup; reactivate with Ctrl-A.
You're too confused to cast spells.
You bump into the rock wall.
Something hits you! Something freezes you.
You feel less confused. Something hits you. Something freezes you.
You hear some strange, mumbled words.
You are confused.
There is an open door here.
You aren't carrying any potions.
Something tries to affect you, but you resist.
There is an open door here.
You bump into the rock wall.
Something hits you!
You die...

.......##.........##.............
.......##.........##.............
.......##.........##.............
.......#..........##.............
.......#.........................
......##.........................
......##....................##...
......##....####.######.....##...
......##(.).####@######..........
#.....#........#........#.
#(..#.#........#........#+
######(..#.†........#..........
#........#..........#..........
#.....)..#.....######.....#....
#.....)........# #.....####.
###...##.##.)....#########...# +
.....##...##............# .#


There were no monsters in sight!

Vanquished Creatures
  An orc priest (D:3)
  2 adders (D:3)
  3 worms (D:2)
  A leopard gecko (D:2)
  2 orcs (D:3)
  7 giant cockroaches
  5 goblins
  6 hobgoblins
  6 jackals
  8 kobolds
  3 ball pythons
  5 bats
  5 frilled lizards
  14 rats
68 creatures vanquished.

Notes
Turn   | Place    | Note
-------+----------+-------------------------------------------
     0 | D:1      | pstr the Kobold Conjurer began the quest for the Orb.
     0 | D:1      | Reached XP level 1. HP: 10/10 MP: 3/3
   339 | D:1      | Reached XP level 2. HP: 15/15 MP: 3/5
   343 | D:1      | Learned a level 2 spell: Searing Ray
  1523 | D:2      | Reached XP level 3. HP: 19/19 MP: 3/6
  2374 | D:2      | Reached XP level 4. HP: 24/24 MP: 5/8
  3621 | D:3      | Reached skill level 5 in Conjurations
  3621 | D:3      | Reached XP level 5. HP: 18/28 MP: 3/10
  3831 | D:3      | Found a glowing silver altar of Zin.
  3917 | D:3      | Noticed Sigmund
  4036 | D:3      | Slain by Sigmund

Skill      XL: |  1  2  3  4 |
---------------+-------------+-----
Stealth        | 3 |  3.3
Spellcasting   | 3 |  3.3
Conjurations   | 5 |  5.2
Fighting       | |  0.7
Dodging        | |  2.8

Action                   |  1- 3 |  4- 6 || total
-------------------------+-------+-------++-------
Melee: Unarmed           |     4 |     1 ||     5
 Cast: Magic Dart        |    67 |    52 ||   119
       Searing Ray       |     6 |    10 ||    16
  Use: Scroll            |     3 |       ||     3
       Potion            |     1 |     2 ||     3
  Eat: Chunk             |    13 |     6 ||    19
Armor: Robe              |     4 |       ||     4
       Skin              |     5 |       ||     5
Dodge: Dodged            |    18 |     8 ||    26
